 Dungeon Sprint DCSS version 0.21-a0-364-gbd1fde4 (webtiles) character file.

11149 Kidiri the Basher (level 11, 0/122 HPs)
             Began as a Troll Hunter on Oct 14, 2017.
             Was a High Priest of Trog.
             Killed by divine providence
             ... invoked by a smoke demon
             ... summoned by an orc high priest
              (10 damage)
             ... in the Dungeon (Sprint IX: "|||||||||||||||||||||||||||||").
             The game lasted 00:10:50 (2042 turns).

Kidiri the Basher (Troll Hunter)                    Turns: 2042, Time: 00:10:51

Health: 0/122      AC:  7    Str: 23    XL:     11   Next: 45%
Magic:  3/3        EV: 16    Int: 13    God:    Trog [*****.]
Gold:   1301       SH:  0    Dex: 12    Spells: 10/10 levels left

rFire    . . .     SeeInvis .   a - +5 giant spiked club (antimagic)
rCold    . . .     Gourm    +   (shield currently unavailable)
rNeg     . . .     Faith    .   W - +0 robe {MR+}
rPois    .         Spirit   .   (helmet restricted)
rElec    .         Reflect  .   x - +0 cloak
rCorr    .         Harm     .   (gloves unavailable)
MR       +++..     NoTele   +   (boots unavailable)
Stlth    +.........             (no amulet)
HPRegen  1.70/turn              z - +3 ring of intelligence
MPRegen  0.08/turn              A - +3 ring of intelligence

@: lethally poisoned (0 -> -1), berserk cooldown, regenerating, slowed, very
slow
A: unfitting armour, claws 3, fast metabolism 3, gourmand, regeneration 1,
shaggy fur 1, tough skin 2
a: Berserk, Trog's Hand, Brothers in Arms, Burn Spellbooks, Renounce Religion


You were in the Dungeon.
You worshipped Trog.
Trog was extremely pleased with you.
You were very full.

You visited 1 branch You collected 1301 gold pieces.

Inventory:

Hand Weapons
 a - a +5 antimagic giant spiked club (weapon)
Missiles
 r - 4 large rocks (quivered)
Armour
 x - a +0 cloak (worn)
 W - a +0 robe of magic resistance (worn)
Jewellery
 z - a +3 ring of intelligence (left claw)
 A - a +3 ring of intelligence (right claw)
Wands
 n - a wand of lightning (7/15)
Scrolls
 k - a scroll of blinking
 m - 5 scrolls of remove curse
 p - a scroll of fog
 q - 2 scrolls of enchant armour
 s - a scroll of recharging
Potions
 d - a potion of might
 e - 5 potions of curing
 g - a potion of invisibility
 i - 4 potions of magic
 j - 5 potions of heal wounds
 l - a potion of brilliance
 t - a potion of agility
 D - 2 potions of haste
Comestibles
 c - 15 chunks of flesh
 f - 14 bread rations
 u - 40 fruits
 w - 12 meat rations


   Skills:
 * Level 11.6 Fighting
 * Level 12.3 Maces & Flails
 + Level 9.8 Throwing
 * Level 11.5 Armour
 * Level 11.7 Dodging
 - Level 0.3 Stealth


You had 10 spell levels left.
You didn't know any spells.

Dungeon Overview and Level Annotations

Branches:
Dungeon (1/1)

Altars:
Cheibriados
Dithmenos
Elyvilon
Fedhas
Gozag
Hepliaklqana
Kikubaaqudgha
Makhleb
Nemelex Xobeh
Okawaru
Qazlal
Ru
Sif Muna
Trog
Uskayaw
Vehumet
Wu Jian
Xom
Yredelemnul
Zin
The Shining One
Beogh
Jiyva
Lugonu

Shops:
D [


Innate Abilities, Weirdness & Mutations

You are too large for most types of armour.
You have claws for hands.
Your metabolism is lightning-fast.
You like to eat raw meat.
Your natural rate of healing is unusually fast.
You are covered in fur. (AC +1)
You have very tough skin. (AC +2)


Message History

The orc high priest barely misses you.
Send 'em back where they came from!
Trog shields your ally from puny magic!
Unknown command.
Unknown command.
What are your orders? t - Shout!
Orders for allies: a - Attack new target. r - Retreat! s - Stop attacking. g - Guard the area. f - Follow me.
Anything else - Cancel.
Guard this area!
You are engulfed in a cloud of scalding steam.
* * * LOW HITPOINT WARNING * * *
You feel sick.
Your stone giant hits the orc high priest!!!
The orc high priest dies!
Trog accepts your kill. The smoke demon gestures at you. Beogh smites you!
You die...

▓▓▓▓▓▓▓▓▓▓▓▓▓▓▓▓▓▓▓▓▓▓▓▓▓▓▓▓
.......÷..÷.....@.C3o)o3.$3o
▓▓▓▓▓▓▓▓▓▓▓▓▓▓▓▓▓▓▓▓▓▓▓▓▓▓▓▓▓▓▓▓▓
.......................÷.........
▓▓▓▓▓▓▓▓▓▓▓▓▓▓▓▓▓▓▓▓▓▓▓▓▓▓▓▓▓▓▓▓▓
.'.........'.........'...........
▓▓▓▓▓▓▓▓▓▓▓▓▓▓▓▓▓▓▓▓▓▓▓▓▓▓▓▓▓▓▓▓▓
.................................
▓▓▓▓▓▓▓▓▓▓▓▓▓▓▓▓▓▓▓▓▓▓▓▓▓▓▓▓▓▓▓▓▓
_____________________'.........'.


You could see an orc knight, a soul eater, an orc high priest, a smoke demon and
a friendly stone giant (berserk).

Vanquished Creatures
  Erolcha (D)
  A centaur warrior (D)
  A two-headed ogre (D)
  An orc high priest (D)
  4 orc knights (D)
  An orc sorcerer (D)
  2 spiny frogs (D)
  2 komodo dragons (D)
  A troll (D)
  4 polar bears (D)
  A hippogriff (D)
  A basilisk (D)
  4 yaks (D)
  4 water moccasins (D)
  10 orc warriors (D)
  A black bear (D)
  An ogre (D)
  A bullfrog (D)
  A scorpion (D)
  A wight (D)
  A crimson imp (D)
  A hound (D)
  An orc priest (D)
  2 jellies (D)
  An orc wizard (D)
  A worker ant (D)
  An adder (D)
  A shadow imp (D)
  2 orcs (D)
  A bat (D)
  A bat skeleton (D)
  A giant cockroach (D)
  2 hobgoblins (D)
  A frilled lizard (D)
  A quokka skeleton (D)
61 creatures vanquished.

Vanquished Creatures (collateral kills)
  A hydra (D)
  An orc high priest (D)
  A rime drake (D)
  A polar bear (D)
  A water moccasin (D)
  2 orc warriors (D)
  2 black bears (D)
  A bullfrog (D)
  2 orc wizards (D)
  5 orcs (D)
17 creatures vanquished.

Grand Total: 78 creatures vanquished

Notes
Turn   | Place    | Note
-------+----------+-------------------------------------------
     0 | D        | Kidiri the Troll Hunter began the quest for the Orb.
     0 | D        | Reached XP level 1. HP: 19/19 MP: 0/0
    10 | D        | Reached skill level 1 in Armour
    35 | D        | Noticed a scorpion
    35 | D        | Noticed a worker ant
    35 | D        | Noticed an ogre
    39 | D        | Killed a scorpion
    39 | D        | Reached skill level 2 in Maces & Flails
    39 | D        | Reached XP level 2. HP: 20/31 MP: 1/1
    39 | D        | Reached XP level 3. HP: 24/37 MP: 2/2
    47 | D        | Reached skill level 3 in Maces & Flails
    47 | D        | Reached XP level 4. HP: 48/48 MP: 3/3
    50 | D        | Killed an ogre
    50 | D        | Reached skill level 4 in Maces & Flails
    50 | D        | Reached XP level 5. HP: 55/55 MP: 4/4
    93 | D        | Found a roughly hewn altar of Beogh.
    93 | D        | Found a snail-covered altar of Cheibriados.
    93 | D        | Found a shadowy altar of Dithmenos.
    93 | D        | Found a white marble altar of Elyvilon.
    93 | D        | Found a blossoming altar of Fedhas.
    93 | D        | Found an opulent altar of Gozag.
    94 | D        | Found a hazy altar of Hepliaklqana.
    95 | D        | Found a viscous altar of Jiyva.
    96 | D        | Found an ancient bone altar of Kikubaaqudgha.
    97 | D        | Found a corrupted altar of Lugonu.
    98 | D        | Found a burning altar of Makhleb.
    99 | D        | Found a sparkling altar of Nemelex Xobeh.
   100 | D        | Found an iron altar of Okawaru.
   101 | D        | Found a stormy altar of Qazlal.
   102 | D        | Found a sacrificial altar of Ru.
   103 | D        | Found a deep blue altar of Sif Muna.
   104 | D        | Found a bloodstained altar of Trog.
   105 | D        | Found a hide-covered altar of Uskayaw.
   106 | D        | Found a radiant altar of Vehumet.
   107 | D        | Found an ornate altar of the Wu Jian Council.
   108 | D        | Found a shimmering altar of Xom.
   109 | D        | Found a basalt altar of Yredelemnul.
   110 | D        | Found a glowing silver altar of Zin.
   111 | D        | Found a glowing golden altar of the Shining One.
   112 | D        | Became a worshipper of Trog the Wrathful
   265 | D        | Reached skill level 5 in Throwing
   275 | D        | Reached * piety under Trog
   275 | D        | Reached skill level 5 in Fighting
   275 | D        | Reached skill level 5 in Dodging
   276 | D        | Reached XP level 6. HP: 57/66 MP: 5/5
   279 | D        | Reached skill level 5 in Maces & Flails
   288 | D        | Reached ** piety under Trog
   288 | D        | Reached skill level 5 in Armour
   336 | D        | Noticed a two-headed ogre
   336 | D        | Noticed a centaur warrior
   336 | D        | Noticed a troll
   336 | D        | Noticed a basilisk
   342 | D        | Killed a two-headed ogre
   342 | D        | Reached skill level 7 in Maces & Flails
   342 | D        | Reached XP level 7. HP: 71/78 MP: 6/6
   347 | D        | Killed a centaur warrior
   347 | D        | Reached skill level 8 in Maces & Flails
   347 | D        | Reached XP level 8. HP: 46/88 MP: 7/7
   413 | D        | Killed a troll
   416 | D        | Reached *** piety under Trog
   419 | D        | Reached XP level 9. HP: 97/97 MP: 8/8
   735 | D        | Noticed a komodo dragon
   746 | D        | Reached **** piety under Trog
   746 | D        | Reached skill level 9 in Maces & Flails
   755 | D        | Killed a komodo dragon
   840 | D        | Noticed a spiny frog
   840 | D        | Noticed a spiny frog
   840 | D        | Noticed a komodo dragon
   843 | D        | Noticed an eight-headed hydra
   843 | D        | Killed a spiny frog
   847 | D        | Received a gift from Trog
   849 | D        | Killed a spiny frog
   849 | D        | Reached skill level 10 in Maces & Flails
   849 | D        | Reached XP level 10. HP: 107/107 MP: 9/9
   853 | D        | Reached ***** piety under Trog
   853 | D        | Received a gift from Trog
   864 | D        | HP: 2/110 [eight-headed hydra (4)]
   865 | D        | Killed an eight-headed hydra
   865 | D        | Reached skill level 10 in Fighting
   865 | D        | Reached skill level 10 in Dodging
   865 | D        | Received a gift from Trog
  1095 | D        | Reached skill level 10 in Armour
  1111 | D        | Received a gift from Trog
  1125 | D        | Reached skill level 11 in Maces & Flails
  1504 | D        | Noticed Erolcha
  1513 | D        | Killed Erolcha
  1699 | D        | Noticed an orc knight
  1710 | D        | Killed an orc knight
  1710 | D        | Received a gift from Trog
  1730 | D        | Received a gift from Trog
  1845 | D        | Noticed an orc sorcerer
  1845 | D        | Noticed an orc knight
  1846 | D        | Killed an orc sorcerer
  1846 | D        | Received a gift from Trog
  1846 | D        | Reached XP level 11. HP: 119/119 MP: 3/10
  1850 | D        | Killed an orc knight
  1868 | D        | Received a gift from Trog
  1875 | D        | Received a gift from Trog
  2019 | D        | Found Atwutogi's Armour Emporium.
  2019 | D        | Noticed an orc knight
  2019 | D        | Noticed an orc knight
  2019 | D        | Noticed an orc high priest
  2019 | D        | Noticed an orc high priest
  2019 | D        | Noticed an orc knight
  2021 | D        | Noticed an orc high priest
  2022 | D        | Noticed a soul eater
  2023 | D        | Killed an orc knight
  2023 | D        | Reached skill level 12 in Maces & Flails
  2031 | D        | Killed an orc knight
  2031 | D        | Received a gift from Trog
  2032 | D        | Noticed an orc knight
  2034 | D        | Noticed a soul eater
  2034 | D        | Killed an orc high priest
  2039 | D        | HP: 4/122 [smoke demon/ball of steam[an orc high priest] (11)]
  2042 | D        | Killed an orc high priest
  2042 | D        | Killed from afar by a smoke demon

Vault maps used:
D:        linesprint

Skill      XL: |  1  2  3  4  5  6  7  8  9 10 11 |
---------------+----------------------------------+-----
Fighting       | 3 4 5 7 8 9 10 11 | 11.6
Armour         | 2 3 4 6 7 8 9 10 11 | 11.5
Dodging        | 3 4 5 7 8 9 11 | 11.7
Maces & Flails | 2 3 4 7 8 10 11 12 | 12.3
Throwing       | 4 5 6 7 8 9 |  9.8
Stealth        | |  0.3

Action                   |  1- 3 |  4- 6 |  7- 9 | 10-12 || total
-------------------------+-------+-------+-------+-------++-------
Melee: Unarmed           |    23 |     2 |       |       ||    25
       Dire flail        |       |    29 |    44 |    58 ||   131
       Giant spiked club |       |       |       |    29 ||    29
Throw: Large rock        |     5 |     2 |    12 |    19 ||    38
       Throwing net      |     2 |       |       |       ||     2
Invok: Berserk           |       |     2 |     3 |     5 ||    10
       Trog's Hand       |       |     1 |     5 |     7 ||    13
       Brothers in Arms  |       |       |     1 |     5 ||     6
  Use: Potion            |     2 |       |     1 |     1 ||     4
       Scroll            |       |       |     1 |       ||     1
  Eat: Chunk             |       |     9 |    10 |    20 ||    39
Armor: Robe              |    14 |     9 |     9 |    20 ||    52
Dodge: Dodged            |    16 |    16 |    38 |    83 ||   153

Table legend:
 A = Spawn XP
 B = Non-spawn XP
 C = Spawn XP percentage of total XP
 D = Spawn monster count
 E = Non-spawn monster count
 F = Spawn count percentage of total count
 G = Total turns spent on level
                    A         B        C        D         E        F      G
               +---------+---------+-------+---------+---------+-------+---------
         Total |       0 |   15928 |   0.0 |       0 |      78 |   0.0 |  2042
               +---------+---------+-------+---------+---------+-------+---------
             D |       0 |   15928 |   0.0 |       0 |      78 |   0.0 |  2042
               +---------+---------+-------+---------+---------+-------+---------
